[ AOE2 MATCH · #461306299 ]
UnrankedMongols vs Japanese
[ REPLAY ANALYSIS · EXTRACTED FROM THE RECORDED GAME ]
Feudal
10:32
Castle
14:36
Imperial
29:45
| APM avg | 41.6 |
| APM peak | 78 |
| eAPM avg | 22.6 |
| Villagers / military | 148 / 918 |
Focus
⚔️ 42.2% · 🌾 57.8%
Scout Cavalry ×681 · Mangudai ×227 · Trebuchet (Packed) ×8 · Monk ×2 · Trade Cart ×1
Feudal
11:41
Castle
15:24
Imperial
33:14
| APM avg | 29.9 |
| APM peak | 75 |
| eAPM avg | 20.1 |
| Villagers / military | 242 / 842 |
Focus
⚔️ 34.3% · 🌾 65.7%
Spearman ×641 · Cavalry Archer ×189 · Petard ×6 · Trade Cart ×5 · Trebuchet (Packed) ×4 · Samurai ×2
Feudal
11:56
Castle
15:40
Imperial
33:29
| APM avg | 21.6 |
| APM peak | 64 |
| eAPM avg | 15.0 |
| Villagers / military | 137 / 142 |
Focus
⚔️ 20.6% · 🌾 79.4%
Spearman ×104 · Mangonel ×17 · Battering Ram ×9 · Woad Raider ×6 · Monk ×3 · Trebuchet (Packed) ×3
Feudal
10:58
Castle
14:34
Imperial
35:46
| APM avg | 39.4 |
| APM peak | 84 |
| eAPM avg | 25.5 |
| Villagers / military | 136 / 457 |
Focus
⚔️ 31.6% · 🌾 68.4%
Spearman ×273 · Elephant Archer ×136 · Armored Elephant ×20 · Skirmisher ×11 · Monk ×9 · Mangonel ×3
Feudal
10:29
Castle
14:49
Imperial
31:36
| APM avg | 28.5 |
| APM peak | 68 |
| eAPM avg | 18.5 |
| Villagers / military | 231 / 588 |
Focus
⚔️ 32.1% · 🌾 67.9%
Scout Cavalry ×348 · Knight ×231 · Trade Cart ×34 · Monk ×9
Feudal
11:49
Castle
15:44
Imperial
28:24
| APM avg | 43.5 |
| APM peak | 98 |
| eAPM avg | 25.6 |
| Villagers / military | 181 / 730 |
Focus
⚔️ 26.6% · 🌾 73.4%
Knight ×537 · Scout Cavalry ×186 · Trebuchet (Packed) ×7
Feudal
11:02
Castle
15:05
Imperial
31:47
| APM avg | 69.6 |
| APM peak | 131 |
| eAPM avg | 40.8 |
| Villagers / military | 172 / 681 |
Focus
⚔️ 36.1% · 🌾 63.9%
Scout Cavalry ×546 · Janissary ×88 · Bombard Cannon ×37 · Monk ×8 · Knight ×2 · Trade Cart ×2
Feudal
12:14
Castle
15:50
Imperial
32:04
| APM avg | 36.0 |
| APM peak | 80 |
| eAPM avg | 23.1 |
| Villagers / military | 162 / 772 |
Focus
⚔️ 35.4% · 🌾 64.6%
Spearman ×624 · Skirmisher ×75 · Hand Cannoneer ×44 · Bombard Cannon ×23 · Mangonel ×2 · Scorpion ×2
Match map
Initial resources + every placement click. Lines = walls · curves = elevation contours. ◆ gold · ⬟ stone · ● berries · ✦ relic · ◌ wall gap
Your base· ✓ Closed at 14:36 · 0t walls · 3 gate(s)
Muffin's base· ✓ Closed at 15:24 · 0t walls · 3 gate(s)
ATM_おれあぽ's base· ✓ Closed at 15:40 · 0t walls · 3 gate(s)
Conor :3's base· ✓ Closed at 14:34 · 0t walls · 2 gate(s)
wwwguezzwww's base· ✓ Closed at 14:49 · 0t walls · 2 gate(s)
西游—理塘丁真's base· ✓ Closed at 15:44 · 0t walls · 2 gate(s)
9630791's base· ✓ Closed at 15:05 · 0t walls · 2 gate(s)
RenRen's base· ✓ Closed at 15:50 · 0t walls · 3 gate(s)
Smoothed initial terrain · ◌ = detected wall gap · hover for details
Inputs per minute
— Dashyfone - - Muffin
Build order — Dashyfone
First 150 of 727 actions detected
| 0:01 | Create | Villager (Male) |
| 0:01 | Create | Villager (Male) |
| 0:02 | Create | Villager (Male) |
| 0:03 | Build | House |
| 0:04 | Build | House |
| 0:10 | Create | Villager (Male) |
| 0:10 | Create | Villager (Male) |
| 1:41 | Create | Villager (Male) |
| 1:51 | Create | Villager (Male) |
| 1:52 | Create | Villager (Male) |
| 2:30 | Create | Villager (Male) |
| 2:31 | Create | Villager (Male) |
| 2:31 | Create | Villager (Male) |
| 2:32 | Build | Lumber Camp |
| 3:06 | Create | Villager (Male) |
| 3:07 | Create | Villager (Male) |
| 3:07 | Create | Villager (Male) |
| 3:27 | Build | House |
| 3:28 | Build | House |
| 3:50 | Build | House |
| 4:31 | Create | Villager (Male) |
| 4:31 | Create | Villager (Male) |
| 4:31 | Create | Villager (Male) |
| 4:51 | Build | Mill |
| 5:12 | Create | Villager (Male) |
| 5:12 | Create | Villager (Male) |
| 5:41 | Create | Villager (Male) |
| 5:42 | Create | Villager (Male) |
| 6:14 | Build | Lumber Camp |
| 6:34 | Create | Villager (Male) |
| 6:34 | Create | Villager (Male) |
| 6:43 | Build | Farm |
| 6:55 | Create | Villager (Male) |
| 7:28 | Build | Farm |
| 7:48 | Create | Villager (Male) |
| 8:03 | Build | Mining Camp |
| 8:10 | Research | Feudal Age |
| 8:10 | Create | Villager (Male) |
| 8:11 | Create | Villager (Male) |
| 8:12 | Research | Loom |
| 9:02 | Build | Farm |
| 10:32 | Age | Feudal Age |
| 10:34 | Build | Market |
| 10:40 | Build | Blacksmith |
| 10:46 | Create | Villager (Male) |
| 11:56 | Research | Castle Age |
| 11:57 | Research | Castle Age |
| 12:25 | Build | House |
| 12:26 | Build | House |
| 12:27 | Build | House |
| 12:28 | Build | House |
| 12:41 | Research | Double-Bit Axe |
| 12:41 | Research | Double-Bit Axe |
| 12:58 | Build | Farm |
| 12:59 | Build | Farm |
| 13:05 | Research | Horse Collar |
| 13:05 | Research | Horse Collar |
| 14:04 | Create | Villager (Male) |
| 14:36 | Age | Castle Age |
| 14:40 | Build | Monastery |
| 14:44 | Create | Villager (Male) |
| 14:44 | Create | Villager (Male) |
| 14:55 | Build | Town Center |
| 15:37 | Create | Monk |
| 15:40 | Build | House |
| 16:02 | Create | Monk |
| 16:14 | Create | Villager (Male) |
| 16:15 | Create | Villager (Male) |
| 16:29 | Build | Town Center |
| 16:38 | Create | Villager (Male) |
| 16:50 | Build | House |
| 16:53 | Create | Villager (Male) |
| 16:58 | Create | Villager (Male) |
| 17:03 | Create | Villager (Male) |
| 17:03 | Create | Villager (Male) |
| 17:03 | Create | Villager (Male) |
| 17:08 | Build | Farm |
| 17:20 | Create | Villager (Male) |
| 17:21 | Create | Villager (Male) |
| 17:21 | Create | Villager (Male) |
| 17:36 | Build | House |
| 17:37 | Build | House |
| 17:37 | Build | House |
| 17:41 | Create | Villager (Male) |
| 17:51 | Build | Farm |
| 17:55 | Build | Farm |
| 17:57 | Build | Farm |
| 17:58 | Build | Farm |
| 18:05 | Build | Farm |
| 18:10 | Build | Farm |
| 18:10 | Build | Farm |
| 18:12 | Create | Villager (Male) |
| 18:12 | Create | Villager (Male) |
| 18:38 | Create | Villager (Male) |
| 18:38 | Create | Villager (Male) |
| 18:45 | Build | Farm |
| 18:46 | Build | Farm |
| 18:47 | Create | Villager (Male) |
| 18:52 | Build | Farm |
| 18:56 | Build | Farm |
| 18:57 | Build | Farm |
| 19:05 | Create | Villager (Male) |
| 19:06 | Create | Villager (Male) |
| 19:09 | Build | Farm |
| 19:13 | Create | Villager (Male) |
| 19:14 | Create | Villager (Male) |
| 19:19 | Create | Villager (Male) |
| 19:19 | Create | Villager (Male) |
| 19:20 | Create | Villager (Male) |
| 19:24 | Build | Farm |
| 19:27 | Build | House |
| 19:28 | Build | House |
| 19:29 | Create | Villager (Male) |
| 19:38 | Create | Villager (Male) |
| 19:38 | Create | Villager (Male) |
| 19:47 | Build | Farm |
| 19:48 | Build | Farm |
| 19:52 | Create | Villager (Male) |
| 19:52 | Create | Villager (Male) |
| 20:13 | Create | Villager (Male) |
| 20:16 | Build | Farm |
| 20:22 | Research | Heavy Plow |
| 20:25 | Build | Farm |
| 20:39 | Create | Villager (Male) |
| 20:41 | Build | Farm |
| 20:42 | Create | Villager (Male) |
| 20:42 | Create | Villager (Male) |
| 20:54 | Build | Gate |
| 20:56 | Build | Palisade Wall |
| 21:01 | Create | Villager (Male) |
| 21:06 | Create | Villager (Male) |
| 21:06 | Create | Villager (Male) |
| 21:11 | Build | Farm |
| 21:12 | Create | Villager (Male) |
| 21:12 | Create | Villager (Male) |
| 21:19 | Create | Villager (Male) |
| 21:33 | Create | Villager (Male) |
| 21:33 | Create | Villager (Male) |
| 21:33 | Create | Villager (Male) |
| 21:43 | Research | Wheelbarrow |
| 21:44 | Create | Villager (Male) |
| 21:47 | Build | Farm |
| 21:48 | Create | Villager (Male) |
| 21:48 | Create | Villager (Male) |
| 22:02 | Build | Farm |
| 22:03 | Create | Villager (Male) |
| 22:12 | Create | Trade Cart |
| 22:13 | Create | Villager (Male) |
| 22:19 | Build | Farm |
| 22:21 | Create | Villager (Male) |
Build order — Muffin
First 150 of 567 actions detected
| 0:01 | Create | Villager (Male) ×4 |
| 0:02 | Build | House |
| 0:04 | Build | House |
| 1:27 | Create | Villager (Male) |
| 1:27 | Create | Villager (Male) |
| 1:48 | Build | Lumber Camp |
| 2:11 | Create | Villager (Male) |
| 2:12 | Create | Villager (Male) |
| 2:19 | Create | Villager (Male) |
| 2:48 | Create | Villager (Male) |
| 3:31 | Build | House |
| 3:31 | Build | House |
| 3:40 | Create | Villager (Male) |
| 3:40 | Create | Villager (Male) |
| 3:50 | Create | Villager (Male) |
| 4:23 | Create | Villager (Male) |
| 4:25 | Create | Villager (Male) |
| 4:51 | Build | Mill |
| 5:20 | Create | Villager (Male) |
| 5:36 | Create | Villager (Male) |
| 5:43 | Create | Villager (Male) |
| 6:16 | Create | Villager (Male) |
| 6:40 | Create | Villager (Male) |
| 7:17 | Create | Villager (Male) |
| 7:22 | Create | Villager (Male) |
| 7:52 | Create | Villager (Male) |
| 7:53 | Build | Farm |
| 7:58 | Build | House |
| 8:05 | Create | Villager (Male) |
| 8:20 | Build | Farm |
| 8:30 | Create | Villager (Male) |
| 9:11 | Build | Mining Camp |
| 9:13 | Research | Feudal Age |
| 10:27 | Build | Mining Camp |
| 10:51 | Create | Villager (Male) |
| 10:52 | Create | Villager (Male) |
| 11:41 | Age | Feudal Age |
| 11:42 | Build | Market |
| 11:45 | Build | Blacksmith |
| 11:56 | Research | Double-Bit Axe |
| 12:08 | Build | Farm |
| 12:44 | Research | Castle Age |
| 12:56 | Build | Lumber Camp |
| 13:06 | Build | Farm |
| 13:29 | Research | Gold Mining |
| 15:01 | Research | Horse Collar |
| 15:23 | Build | Barracks |
| 15:24 | Age | Castle Age |
| 15:41 | Build | Town Center |
| 16:02 | Research | Bow Saw |
| 16:02 | Research | Bow Saw |
| 16:19 | Create | Villager (Male) |
| 16:19 | Create | Villager (Male) |
| 16:19 | Create | Villager (Male) |
| 16:33 | Build | Lumber Camp |
| 16:44 | Build | Castle |
| 17:00 | Create | Villager (Male) |
| 17:03 | Build | Farm |
| 17:03 | Build | Farm |
| 17:05 | Build | Farm |
| 17:21 | Create | Villager (Male) |
| 17:24 | Build | Farm |
| 17:36 | Build | Farm |
| 17:39 | Build | Farm |
| 17:42 | Build | Farm |
| 17:50 | Build | Lumber Camp |
| 17:59 | Build | Farm |
| 18:01 | Create | Villager (Male) |
| 18:01 | Create | Villager (Male) |
| 18:06 | Create | Villager (Male) |
| 18:11 | Build | Farm |
| 18:13 | Build | House |
| 18:14 | Build | House |
| 18:27 | Create | Villager (Male) |
| 18:28 | Create | Villager (Male) |
| 18:42 | Build | Farm |
| 18:42 | Build | Farm |
| 18:43 | Build | Farm |
| 18:43 | Build | Farm |
| 18:43 | Build | Farm |
| 18:49 | Build | Farm |
| 18:51 | Create | Petard |
| 18:51 | Create | Petard |
| 18:59 | Create | Villager (Male) |
| 18:59 | Create | Villager (Male) |
| 19:02 | Build | Farm |
| 19:10 | Create | Petard |
| 19:36 | Build | Farm |
| 19:37 | Build | Farm |
| 19:39 | Create | Villager (Male) |
| 19:51 | Build | Farm |
| 19:53 | Build | Farm |
| 19:59 | Build | Farm |
| 20:00 | Create | Villager (Male) ×3 |
| 20:21 | Build | Farm |
| 20:25 | Create | Villager (Male) |
| 20:29 | Build | Farm |
| 20:29 | Build | Farm |
| 20:29 | Build | Farm |
| 20:29 | Build | Farm |
| 20:30 | Build | Farm |
| 20:30 | Build | Farm |
| 20:53 | Create | Villager (Male) |
| 20:53 | Create | Villager (Male) |
| 20:59 | Build | Archery Range |
| 21:08 | Create | Villager (Male) |
| 21:08 | Create | Villager (Male) |
| 21:11 | Research | Stone Mining |
| 21:25 | Build | Farm |
| 21:28 | Create | Villager (Male) ×2 |
| 21:43 | Build | Archery Range |
| 21:47 | Research | Fletching |
| 21:48 | Create | Villager (Male) ×2 |
| 21:51 | Build | Farm |
| 22:14 | Create | Villager (Male) ×3 |
| 22:34 | Build | Town Center |
| 22:35 | Create | Villager (Male) ×3 |
| 22:44 | Create | Cavalry Archer |
| 22:49 | Build | Mining Camp |
| 22:53 | Create | Villager (Male) ×3 |
| 23:06 | Create | Cavalry Archer |
| 23:13 | Build | Farm |
| 23:28 | Research | Gold Shaft Mining |
| 24:00 | Create | Cavalry Archer |
| 24:00 | Create | Cavalry Archer |
| 24:17 | Create | Villager (Male) ×5 |
| 24:20 | Build | Mill |
| 24:20 | Build | Farm |
| 24:21 | Build | Farm |
| 24:21 | Build | Farm |
| 24:21 | Build | Farm |
| 24:21 | Build | Farm |
| 24:22 | Build | Farm |
| 24:24 | Create | Villager (Male) ×5 |
| 24:45 | Research | Wheelbarrow |
| 25:01 | Create | Petard |
| 25:01 | Create | Petard |
| 25:06 | Create | Cavalry Archer ×4 |
| 25:07 | Create | Cavalry Archer ×5 |
| 25:10 | Build | Farm |
| 25:19 | Build | House |
| 25:20 | Build | House |
| 25:21 | Build | House |
| 25:22 | Build | House |
| 25:23 | Build | House |
| 25:23 | Build | House |
| 25:26 | Research | Town Watch |
| 25:30 | Research | Loom |
| 25:33 | Create | Villager (Male) ×5 |
| 25:35 | Build | Farm |
Build order — ATM_おれあぽ
First 150 of 384 actions detected
| 0:01 | Create | Villager (Male) |
| 0:01 | Create | Villager (Male) |
| 0:02 | Build | House |
| 0:04 | Build | House |
| 0:05 | Create | Villager (Male) |
| 0:05 | Create | Villager (Male) |
| 1:51 | Create | Villager (Male) |
| 1:51 | Create | Villager (Male) |
| 1:55 | Build | Lumber Camp |
| 2:20 | Create | Villager (Male) |
| 2:20 | Create | Villager (Male) |
| 2:53 | Create | Villager (Male) |
| 3:32 | Create | Villager (Male) |
| 3:32 | Create | Villager (Male) |
| 3:42 | Build | Mill |
| 4:30 | Create | Villager (Male) |
| 4:31 | Create | Villager (Male) |
| 4:42 | Create | Villager (Male) |
| 5:01 | Build | House |
| 5:06 | Research | Loom |
| 5:07 | Create | Villager (Male) |
| 5:07 | Create | Villager (Male) |
| 5:12 | Build | House |
| 5:32 | Build | House |
| 5:54 | Create | Villager (Male) |
| 6:07 | Create | Villager (Male) |
| 7:14 | Create | Villager (Male) |
| 7:15 | Create | Villager (Male) |
| 8:04 | Create | Villager (Male) |
| 8:04 | Create | Villager (Male) |
| 8:55 | Create | Villager (Male) |
| 8:57 | Create | Villager (Male) |
| 9:17 | Build | Mining Camp |
| 9:46 | Research | Feudal Age |
| 10:00 | Build | Outpost |
| 10:04 | Build | Farm |
| 10:25 | Create | Villager (Male) |
| 10:26 | Create | Villager (Male) |
| 11:56 | Age | Feudal Age |
| 12:01 | Build | Blacksmith |
| 12:13 | Build | Market |
| 12:27 | Build | Farm |
| 12:27 | Build | Farm |
| 12:31 | Build | Farm |
| 13:00 | Research | Castle Age |
| 13:05 | Build | Mining Camp |
| 13:40 | Research | Double-Bit Axe |
| 13:56 | Build | House |
| 13:57 | Build | House |
| 13:58 | Build | House |
| 13:59 | Build | House |
| 14:13 | Build | Farm |
| 14:18 | Research | Horse Collar |
| 15:02 | Build | Farm |
| 15:02 | Build | Farm |
| 15:02 | Build | Farm |
| 15:03 | Build | Farm |
| 15:13 | Create | Villager (Male) |
| 15:14 | Create | Villager (Male) |
| 15:40 | Age | Castle Age |
| 15:57 | Build | Siege Workshop |
| 15:59 | Build | Siege Workshop |
| 16:03 | Create | Villager (Male) |
| 16:08 | Build | Farm |
| 16:13 | Create | Villager (Male) |
| 16:27 | Research | Bow Saw |
| 16:45 | Build | Lumber Camp |
| 16:56 | Create | Villager (Male) |
| 16:58 | Create | Villager (Male) |
| 17:25 | Create | Villager (Male) |
| 17:42 | Build | House |
| 17:43 | Build | House |
| 17:48 | Build | House |
| 17:52 | Build | House |
| 18:04 | Create | Villager (Male) |
| 18:17 | Create | Mangonel |
| 18:45 | Create | Mangonel |
| 18:52 | Create | Villager (Male) |
| 18:52 | Create | Villager (Male) |
| 18:52 | Create | Villager (Male) |
| 19:10 | Build | Castle |
| 19:32 | Create | Villager (Male) |
| 19:35 | Create | Villager (Male) |
| 19:35 | Create | Villager (Male) |
| 20:09 | Create | Villager (Male) |
| 20:09 | Create | Villager (Male) |
| 20:18 | Build | Gate |
| 20:19 | Create | Villager (Male) |
| 20:36 | Build | Siege Workshop |
| 20:38 | Create | Villager (Male) |
| 20:38 | Create | Villager (Male) |
| 20:42 | Create | Villager (Male) |
| 20:51 | Build | Farm |
| 21:00 | Build | Gate |
| 21:07 | Create | Mangonel |
| 21:19 | Build | Monastery |
| 21:20 | Create | Villager (Male) |
| 21:20 | Create | Villager (Male) |
| 21:37 | Build | Stone Wall |
| 21:50 | Create | Mangonel |
| 22:14 | Create | Monk |
| 22:36 | Create | Mangonel |
| 22:50 | Build | House |
| 22:51 | Build | House |
| 22:57 | Create | Villager (Male) |
| 22:59 | Create | Woad Raider |
| 23:00 | Create | Woad Raider |
| 23:01 | Create | Woad Raider |
| 23:01 | Create | Woad Raider |
| 23:13 | Create | Villager (Male) |
| 23:13 | Create | Villager (Male) |
| 23:24 | Create | Battering Ram |
| 23:25 | Create | Battering Ram |
| 23:27 | Create | Villager (Male) |
| 23:51 | Build | House |
| 23:52 | Build | House |
| 23:55 | Build | House |
| 24:00 | Create | Battering Ram |
| 24:00 | Create | Battering Ram |
| 24:36 | Create | Battering Ram |
| 24:37 | Create | Battering Ram |
| 24:41 | Build | House |
| 24:41 | Build | House |
| 24:55 | Build | House |
| 24:56 | Build | House |
| 25:01 | Create | Villager (Male) |
| 25:01 | Create | Villager (Male) |
| 25:14 | Create | Battering Ram |
| 25:14 | Create | Battering Ram |
| 25:21 | Build | House |
| 25:21 | Build | House |
| 25:25 | Create | Villager (Male) |
| 25:25 | Create | Villager (Male) |
| 25:52 | Build | Town Center |
| 25:55 | Create | Villager (Male) |
| 26:33 | Create | Battering Ram |
| 26:40 | Create | Mangonel |
| 27:21 | Create | Monk |
| 27:24 | Build | House |
| 27:38 | Create | Villager (Male) |
| 27:39 | Create | Villager (Male) |
| 27:40 | Build | Farm |
| 27:43 | Create | Villager (Male) |
| 27:43 | Create | Villager (Male) |
| 27:44 | Create | Villager (Male) |
| 28:12 | Create | Mangonel |
| 28:16 | Create | Monk |
| 28:36 | Create | Villager (Male) |
| 28:37 | Create | Villager (Male) |
| 28:37 | Create | Villager (Male) |
Build order — Conor :3
First 150 of 583 actions detected
| 0:02 | Create | Villager (Male) |
| 0:02 | Create | Villager (Male) |
| 0:03 | Create | Villager (Male) |
| 0:03 | Create | Villager (Male) |
| 0:03 | Create | Villager (Male) |
| 0:06 | Build | House |
| 0:09 | Build | House |
| 1:38 | Create | Villager (Male) |
| 1:54 | Build | Lumber Camp |
| 2:02 | Create | Villager (Male) |
| 2:02 | Create | Villager (Male) |
| 2:29 | Create | Villager (Male) |
| 2:29 | Create | Villager (Male) |
| 2:29 | Create | Villager (Male) |
| 3:18 | Create | Villager (Male) |
| 3:20 | Create | Villager (Male) |
| 3:27 | Build | House |
| 3:30 | Build | House |
| 4:11 | Create | Villager (Male) |
| 4:17 | Build | Mill |
| 4:27 | Create | Villager (Male) |
| 4:35 | Create | Villager (Male) |
| 5:08 | Create | Villager (Male) |
| 5:25 | Create | Villager (Male) |
| 5:53 | Create | Villager (Male) |
| 5:58 | Build | Farm |
| 6:05 | Create | Villager (Male) |
| 6:18 | Create | Villager (Male) |
| 6:26 | Build | Farm |
| 6:28 | Create | Villager (Male) |
| 6:50 | Build | House |
| 6:51 | Build | House |
| 7:20 | Create | Villager (Male) |
| 7:20 | Create | Villager (Male) |
| 7:47 | Build | Farm |
| 8:42 | Build | Mining Camp |
| 8:48 | Research | Feudal Age |
| 9:23 | Create | Villager (Male) |
| 9:23 | Create | Villager (Male) |
| 10:58 | Age | Feudal Age |
| 11:02 | Build | Market |
| 11:07 | Build | Blacksmith |
| 11:54 | Research | Castle Age |
| 11:54 | Research | Castle Age |
| 12:04 | Research | Horse Collar |
| 12:14 | Research | Double-Bit Axe |
| 12:14 | Research | Double-Bit Axe |
| 13:17 | Build | Farm |
| 13:22 | Create | Villager (Male) |
| 13:54 | Build | Farm |
| 14:34 | Age | Castle Age |
| 14:38 | Build | Siege Workshop |
| 14:43 | Build | Monastery |
| 14:53 | Research | Heavy Plow |
| 14:57 | Create | Villager (Male) |
| 15:15 | Create | Villager (Male) |
| 15:21 | Create | Armored Elephant |
| 15:33 | Build | House |
| 15:34 | Build | House |
| 15:36 | Research | Town Watch |
| 15:45 | Build | Farm |
| 15:46 | Build | Farm |
| 15:51 | Create | Villager (Male) |
| 15:53 | Create | Scorpion |
| 15:57 | Create | Monk |
| 16:05 | Build | House |
| 16:15 | Build | Farm |
| 16:18 | Create | Villager (Male) |
| 16:22 | Create | Monk |
| 16:28 | Create | Armored Elephant |
| 16:33 | Build | Farm |
| 16:34 | Build | Farm |
| 16:35 | Build | Farm |
| 16:39 | Research | Loom |
| 16:43 | Build | Farm |
| 16:55 | Create | Villager (Male) |
| 17:04 | Create | Scorpion |
| 17:10 | Create | Monk |
| 17:43 | Research | Sanctity |
| 17:44 | Create | Villager (Male) |
| 17:47 | Build | Farm |
| 17:59 | Build | Lumber Camp |
| 18:20 | Create | Armored Elephant |
| 18:31 | Create | Villager (Male) |
| 19:09 | Create | Villager (Male) |
| 19:18 | Build | House |
| 19:19 | Build | House |
| 19:31 | Create | Villager (Male) |
| 19:41 | Create | Villager (Male) |
| 19:58 | Create | Villager (Male) |
| 20:14 | Build | Town Center |
| 20:19 | Research | Wheelbarrow |
| 20:23 | Build | Farm |
| 20:37 | Research | Redemption |
| 20:39 | Create | Monk |
| 20:39 | Create | Villager (Male) |
| 20:44 | Create | Villager (Male) |
| 20:50 | Build | Farm |
| 20:51 | Build | Farm |
| 21:14 | Create | Villager (Male) |
| 21:32 | Create | Villager (Male) |
| 21:41 | Build | Barracks |
| 21:50 | Create | Villager (Male) |
| 22:00 | Create | Villager (Male) |
| 22:01 | Create | Villager (Male) |
| 22:23 | Create | Villager (Male) |
| 22:44 | Create | Villager (Male) |
| 22:48 | Build | Farm |
| 22:48 | Build | Farm |
| 22:48 | Build | Farm |
| 22:48 | Build | Farm |
| 22:49 | Build | Farm |
| 22:57 | Create | Monk |
| 23:00 | Build | House |
| 23:00 | Build | House |
| 23:00 | Build | House |
| 23:01 | Build | House |
| 23:06 | Create | Villager (Male) |
| 23:12 | Create | Armored Elephant |
| 23:25 | Research | Bow Saw |
| 23:40 | Create | Scorpion |
| 23:42 | Create | Monk |
| 23:45 | Create | Villager (Male) |
| 23:50 | Build | Farm |
| 23:57 | Create | Villager (Male) |
| 24:33 | Create | Armored Elephant |
| 24:44 | Build | Archery Range |
| 24:46 | Create | Villager (Male) |
| 25:24 | Create | Villager (Male) |
| 25:25 | Research | Hand Cart |
| 25:31 | Build | Archery Range |
| 25:41 | Create | Villager (Male) |
| 25:59 | Create | Villager (Male) |
| 25:59 | Create | Villager (Male) |
| 26:05 | Create | Villager (Male) |
| 26:07 | Build | Farm |
| 26:39 | Create | Villager (Male) |
| 26:48 | Build | Farm |
| 26:48 | Build | Farm |
| 26:48 | Build | Farm |
| 26:49 | Build | Farm |
| 26:49 | Build | Farm |
| 26:49 | Build | Farm |
| 26:51 | Create | Villager (Male) |
| 26:57 | Build | Archery Range |
| 26:58 | Build | Archery Range |
| 27:27 | Create | Villager (Male) |
| 27:28 | Create | Villager (Male) |
| 27:40 | Create | Elephant Archer |
| 27:40 | Create | Elephant Archer |
Build order — wwwguezzwww
First 150 of 689 actions detected
| 0:00 | Create | Villager (Male) |
| 0:00 | Create | Villager (Male) |
| 0:01 | Create | Villager (Male) |
| 0:01 | Create | Villager (Male) |
| 0:01 | Create | Villager (Male) |
| 0:03 | Build | House |
| 0:05 | Build | House |
| 1:38 | Create | Villager (Male) |
| 1:38 | Create | Villager (Male) |
| 1:50 | Build | Lumber Camp |
| 2:02 | Create | Villager (Male) |
| 2:02 | Create | Villager (Male) |
| 2:43 | Create | Villager (Male) |
| 2:44 | Create | Villager (Male) |
| 3:07 | Build | House |
| 3:15 | Create | Villager (Male) |
| 3:15 | Create | Villager (Male) |
| 3:16 | Create | Villager (Male) |
| 3:16 | Create | Villager (Male) |
| 3:59 | Create | Villager (Male) |
| 3:59 | Create | Villager (Male) |
| 4:17 | Build | Mill |
| 4:25 | Create | Villager (Male) |
| 4:25 | Create | Villager (Male) |
| 4:25 | Create | Villager (Male) |
| 4:58 | Create | Villager (Male) |
| 5:13 | Create | Villager (Male) |
| 5:13 | Create | Villager (Male) |
| 5:31 | Create | Villager (Male) |
| 5:32 | Create | Villager (Male) |
| 5:35 | Create | Villager (Male) |
| 5:35 | Create | Villager (Male) |
| 5:41 | Build | House |
| 6:31 | Create | Villager (Male) |
| 6:46 | Create | Villager (Male) |
| 7:21 | Build | Mining Camp |
| 7:25 | Create | Villager (Male) |
| 7:28 | Create | Villager (Male) |
| 7:58 | Build | Farm |
| 8:13 | Research | Feudal Age |
| 8:13 | Research | Loom |
| 8:20 | Build | House |
| 8:32 | Build | Farm |
| 9:03 | Build | Farm |
| 9:56 | Create | Villager (Male) |
| 9:57 | Create | Villager (Male) |
| 10:29 | Age | Feudal Age |
| 10:34 | Build | Market |
| 10:41 | Create | Villager (Male) |
| 11:00 | Build | Blacksmith |
| 11:35 | Create | Villager (Male) |
| 11:45 | Build | Mining Camp |
| 12:24 | Research | Castle Age |
| 12:24 | Research | Castle Age |
| 12:37 | Build | Farm |
| 12:50 | Build | Barracks |
| 13:00 | Create | Villager (Male) |
| 13:08 | Research | Double-Bit Axe |
| 13:22 | Research | Horse Collar |
| 13:53 | Build | House |
| 14:00 | Build | House |
| 14:04 | Build | House |
| 14:07 | Create | Villager (Male) |
| 14:33 | Build | Farm |
| 14:49 | Age | Castle Age |
| 15:16 | Build | Town Center |
| 15:21 | Create | Villager (Male) |
| 15:41 | Create | Villager (Male) |
| 15:46 | Build | Farm |
| 16:01 | Create | Villager (Male) |
| 16:07 | Research | Bow Saw |
| 16:15 | Create | Villager (Male) |
| 16:15 | Create | Villager (Male) |
| 16:15 | Create | Villager (Male) |
| 16:19 | Create | Villager (Male) |
| 16:36 | Build | Farm |
| 16:39 | Build | Farm |
| 16:45 | Build | Farm |
| 16:51 | Create | Villager (Male) |
| 16:51 | Create | Villager (Male) |
| 16:56 | Create | Villager (Male) |
| 17:00 | Build | Farm |
| 17:07 | Create | Villager (Male) |
| 17:07 | Create | Villager (Male) |
| 17:26 | Build | Farm |
| 17:35 | Build | Farm |
| 17:43 | Create | Villager (Male) |
| 17:44 | Create | Villager (Male) |
| 17:57 | Build | Farm |
| 17:59 | Build | Farm |
| 18:03 | Build | Farm |
| 18:08 | Build | Farm |
| 18:09 | Create | Villager (Male) |
| 18:10 | Create | Villager (Male) |
| 18:17 | Build | Farm |
| 18:27 | Build | Stable |
| 18:30 | Create | Villager (Male) |
| 18:30 | Create | Villager (Male) |
| 18:30 | Create | Villager (Male) |
| 18:31 | Create | Villager (Male) |
| 18:35 | Build | Farm |
| 18:48 | Build | Farm |
| 18:58 | Build | Farm |
| 18:59 | Create | Villager (Male) |
| 18:59 | Create | Villager (Male) |
| 19:23 | Build | House |
| 19:24 | Create | Villager (Male) |
| 19:24 | Create | Villager (Male) |
| 19:27 | Research | Wheelbarrow |
| 19:34 | Build | Farm |
| 19:36 | Build | Farm |
| 19:41 | Build | Farm |
| 19:41 | Build | Farm |
| 19:48 | Build | Farm |
| 19:49 | Create | Villager (Male) |
| 19:50 | Create | Villager (Male) |
| 19:50 | Create | Villager (Male) |
| 20:05 | Build | Monastery |
| 20:32 | Build | Farm |
| 20:32 | Create | Villager (Male) |
| 20:32 | Create | Villager (Male) |
| 20:32 | Create | Villager (Male) |
| 20:33 | Create | Villager (Male) |
| 20:33 | Create | Villager (Male) |
| 20:33 | Create | Villager (Male) |
| 20:49 | Build | House |
| 20:51 | Build | House |
| 20:51 | Build | House |
| 20:54 | Build | House |
| 20:56 | Create | Monk |
| 21:00 | Build | Farm |
| 21:00 | Create | Villager (Male) |
| 21:00 | Create | Villager (Male) |
| 21:00 | Create | Villager (Male) |
| 21:01 | Create | Villager (Male) |
| 21:01 | Create | Villager (Male) |
| 21:01 | Create | Villager (Male) |
| 21:12 | Research | Heavy Plow |
| 21:17 | Build | Farm |
| 21:18 | Create | Villager (Male) |
| 21:18 | Create | Villager (Male) |
| 21:19 | Create | Villager (Male) |
| 21:20 | Create | Villager (Male) |
| 21:20 | Create | Villager (Male) |
| 21:26 | Build | House |
| 21:28 | Build | House |
| 21:29 | Build | House |
| 21:40 | Create | Monk |
| 21:44 | Create | Monk |
| 21:45 | Create | Villager (Male) |
Build order — 西游—理塘丁真
First 150 of 630 actions detected
| 0:08 | Build | House |
| 0:10 | Build | House |
| 0:12 | Build | House |
| 0:13 | Create | Villager (Male) |
| 0:13 | Create | Villager (Male) |
| 0:13 | Create | Villager (Male) |
| 0:14 | Create | Villager (Male) |
| 0:14 | Create | Villager (Male) |
| 1:37 | Create | Villager (Male) |
| 1:37 | Create | Villager (Male) |
| 1:37 | Create | Villager (Male) |
| 2:14 | Create | Villager (Male) |
| 2:14 | Create | Villager (Male) |
| 2:31 | Create | Villager (Male) |
| 2:57 | Build | Lumber Camp |
| 3:04 | Create | Villager (Male) |
| 3:05 | Create | Villager (Male) |
| 3:05 | Create | Villager (Male) |
| 3:05 | Create | Villager (Male) |
| 4:13 | Create | Villager (Male) |
| 4:14 | Create | Villager (Male) |
| 4:14 | Create | Villager (Male) |
| 4:14 | Create | Villager (Male) |
| 4:14 | Create | Villager (Male) |
| 4:14 | Create | Villager (Male) |
| 5:14 | Create | Villager (Male) |
| 5:14 | Create | Villager (Male) |
| 5:15 | Create | Villager (Male) |
| 5:56 | Build | Mill |
| 6:03 | Create | Villager (Male) |
| 6:32 | Create | Villager (Male) |
| 6:49 | Build | Mill |
| 6:57 | Create | Villager (Male) |
| 7:28 | Create | Villager (Male) |
| 7:45 | Create | Villager (Male) |
| 8:06 | Build | Mining Camp |
| 8:15 | Create | Villager (Male) |
| 8:16 | Create | Villager (Male) |
| 8:34 | Build | Farm |
| 8:43 | Create | Villager (Male) |
| 9:06 | Research | Feudal Age |
| 9:06 | Research | Feudal Age |
| 9:06 | Research | Feudal Age |
| 10:37 | Create | Villager (Male) |
| 10:39 | Create | Villager (Male) |
| 10:39 | Research | Loom |
| 11:49 | Age | Feudal Age |
| 11:53 | Build | Market |
| 11:58 | Build | Blacksmith |
| 12:06 | Build | Lumber Camp |
| 13:01 | Research | Castle Age |
| 13:01 | Research | Castle Age |
| 13:01 | Research | Castle Age |
| 13:02 | Research | Castle Age |
| 14:07 | Build | House |
| 14:08 | Build | House |
| 14:09 | Build | House |
| 14:11 | Build | House |
| 14:13 | Build | House |
| 14:19 | Research | Double-Bit Axe |
| 14:28 | Research | Horse Collar |
| 15:16 | Build | Farm |
| 15:16 | Build | Farm |
| 15:16 | Build | Farm |
| 15:19 | Build | Farm |
| 15:25 | Build | Farm |
| 15:30 | Create | Villager (Male) |
| 15:32 | Create | Villager (Male) |
| 15:44 | Age | Castle Age |
| 15:49 | Build | Town Center |
| 16:02 | Build | Town Center |
| 16:25 | Research | Heavy Plow |
| 16:28 | Create | Villager (Male) |
| 16:37 | Build | Farm |
| 16:48 | Build | Farm |
| 16:50 | Create | Villager (Male) |
| 17:06 | Create | Villager (Male) |
| 17:34 | Create | Villager (Male) |
| 17:34 | Create | Villager (Male) |
| 17:48 | Build | Mill |
| 17:49 | Build | Farm |
| 17:49 | Build | Farm |
| 17:49 | Build | Farm |
| 17:50 | Build | Farm |
| 17:50 | Build | Farm |
| 17:54 | Create | Villager (Male) |
| 17:54 | Create | Villager (Male) |
| 18:00 | Create | Villager (Male) |
| 18:01 | Create | Villager (Male) |
| 18:01 | Create | Villager (Male) |
| 18:01 | Create | Villager (Male) |
| 18:12 | Build | Farm |
| 18:12 | Build | Farm |
| 18:22 | Build | Farm |
| 18:22 | Build | Farm |
| 18:28 | Create | Villager (Male) |
| 18:28 | Create | Villager (Male) |
| 18:29 | Create | Villager (Male) |
| 18:29 | Create | Villager (Male) |
| 18:52 | Build | Castle |
| 18:59 | Create | Villager (Male) |
| 18:59 | Create | Villager (Male) |
| 19:00 | Create | Villager (Male) |
| 19:00 | Create | Villager (Male) |
| 19:00 | Create | Villager (Male) |
| 19:00 | Create | Villager (Male) |
| 19:00 | Create | Villager (Male) |
| 19:01 | Create | Villager (Male) |
| 19:09 | Build | Farm |
| 19:09 | Build | Farm |
| 19:15 | Build | Farm |
| 19:15 | Build | Farm |
| 19:15 | Build | Farm |
| 19:26 | Create | Villager (Male) |
| 19:32 | Build | Farm |
| 19:32 | Build | Farm |
| 19:33 | Build | Farm |
| 19:33 | Build | Farm |
| 19:34 | Build | Farm |
| 19:34 | Build | Farm |
| 19:38 | Create | Villager (Male) |
| 19:38 | Create | Villager (Male) |
| 19:39 | Create | Villager (Male) |
| 20:06 | Create | Villager (Male) |
| 20:06 | Create | Villager (Male) |
| 20:07 | Create | Villager (Male) |
| 20:11 | Create | Villager (Male) |
| 20:11 | Create | Villager (Male) |
| 20:31 | Build | House |
| 20:45 | Create | Villager (Male) |
| 20:45 | Create | Villager (Male) |
| 20:47 | Create | Villager (Male) |
| 20:58 | Build | Mining Camp |
| 21:00 | Create | Villager (Male) |
| 21:00 | Create | Villager (Male) |
| 21:23 | Build | Barracks |
| 21:31 | Research | Wheelbarrow |
| 21:31 | Research | Town Watch |
| 21:32 | Research | Town Watch |
| 21:32 | Create | Villager (Male) |
| 21:32 | Research | Town Watch |
| 21:32 | Create | Villager (Male) |
| 21:38 | Create | Villager (Male) |
| 21:38 | Create | Villager (Male) |
| 21:54 | Create | Villager (Male) |
| 22:00 | Create | Villager (Male) |
| 22:06 | Build | Mill |
| 22:06 | Build | Farm |
| 22:07 | Build | Farm |
| 22:07 | Build | Farm |
Build order — 9630791
First 150 of 1105 actions detected
| 0:02 | Create | Villager (Male) |
| 0:03 | Create | Villager (Male) |
| 0:03 | Create | Villager (Male) |
| 0:03 | Create | Villager (Male) |
| 0:03 | Create | Villager (Male) |
| 0:06 | Build | House |
| 0:07 | Build | House |
| 1:26 | Create | Villager (Male) |
| 1:27 | Create | Villager (Male) |
| 2:01 | Create | Villager (Male) |
| 2:02 | Create | Villager (Male) |
| 2:14 | Create | Villager (Male) |
| 2:14 | Create | Villager (Male) |
| 2:35 | Build | Lumber Camp |
| 2:48 | Create | Villager (Male) |
| 2:48 | Create | Villager (Male) |
| 3:05 | Create | Villager (Male) |
| 3:05 | Create | Villager (Male) |
| 3:05 | Create | Villager (Male) |
| 3:36 | Build | House |
| 3:36 | Build | House |
| 3:40 | Create | Villager (Male) |
| 3:40 | Create | Villager (Male) |
| 4:36 | Create | Villager (Male) |
| 4:36 | Create | Villager (Male) |
| 4:48 | Create | Villager (Male) |
| 4:48 | Create | Villager (Male) |
| 5:05 | Create | Villager (Male) |
| 5:28 | Build | Mill |
| 5:47 | Create | Villager (Male) |
| 5:47 | Create | Villager (Male) |
| 6:07 | Create | Villager (Male) |
| 6:07 | Create | Villager (Male) |
| 6:08 | Create | Villager (Male) |
| 6:08 | Create | Villager (Male) |
| 6:18 | Create | Villager (Male) |
| 6:18 | Create | Villager (Male) |
| 7:37 | Create | Villager (Male) |
| 7:38 | Create | Villager (Male) |
| 7:38 | Create | Villager (Male) |
| 8:05 | Build | Mining Camp |
| 8:41 | Research | Feudal Age |
| 8:41 | Research | Feudal Age |
| 8:48 | Build | House |
| 8:49 | Build | Barracks |
| 10:04 | Create | Villager (Male) |
| 10:05 | Create | Villager (Male) |
| 11:02 | Age | Feudal Age |
| 11:11 | Build | Stable |
| 11:18 | Build | Blacksmith |
| 11:50 | Research | Loom |
| 12:01 | Build | Farm |
| 12:16 | Build | House |
| 12:21 | Build | Farm |
| 12:24 | Build | Farm |
| 12:25 | Research | Castle Age |
| 12:26 | Research | Castle Age |
| 12:42 | Research | Horse Collar |
| 13:07 | Build | Farm |
| 14:06 | Create | Villager (Male) |
| 14:10 | Build | Lumber Camp |
| 14:15 | Research | Double-Bit Axe |
| 14:15 | Research | Double-Bit Axe |
| 15:05 | Age | Castle Age |
| 15:08 | Create | Knight |
| 15:12 | Create | Knight |
| 15:21 | Build | Town Center |
| 15:31 | Build | Town Center |
| 15:39 | Create | Villager (Male) |
| 15:39 | Create | Villager (Male) |
| 16:07 | Build | Farm |
| 16:13 | Create | Villager (Male) |
| 16:19 | Build | Farm |
| 16:21 | Build | Farm |
| 16:23 | Build | Farm |
| 16:42 | Build | Farm |
| 16:47 | Create | Villager (Male) |
| 16:47 | Create | Villager (Male) |
| 16:51 | Build | Farm |
| 17:07 | Create | Villager (Male) |
| 17:11 | Build | Farm |
| 17:12 | Build | Farm |
| 17:20 | Create | Villager (Male) |
| 17:20 | Create | Villager (Male) |
| 17:25 | Build | Farm |
| 17:28 | Build | Farm |
| 17:37 | Create | Villager (Male) |
| 17:38 | Create | Villager (Male) |
| 17:44 | Build | Farm |
| 17:52 | Create | Villager (Male) |
| 17:57 | Build | Farm |
| 17:58 | Build | Farm |
| 18:06 | Create | Villager (Male) |
| 18:06 | Create | Villager (Male) |
| 18:08 | Build | Farm |
| 18:13 | Create | Villager (Male) |
| 18:14 | Create | Villager (Male) |
| 18:18 | Build | House |
| 18:18 | Build | House |
| 18:21 | Create | Villager (Male) |
| 18:21 | Create | Villager (Male) |
| 18:37 | Create | Villager (Male) |
| 18:43 | Create | Villager (Male) |
| 18:46 | Build | Farm |
| 18:50 | Create | Villager (Male) |
| 19:04 | Create | Villager (Male) |
| 19:07 | Create | Villager (Male) |
| 19:07 | Create | Villager (Male) |
| 19:12 | Build | Farm |
| 19:20 | Create | Villager (Male) |
| 19:20 | Create | Villager (Male) |
| 19:43 | Create | Villager (Male) |
| 19:45 | Build | Farm |
| 20:01 | Create | Villager (Male) |
| 20:01 | Create | Villager (Male) |
| 20:02 | Create | Villager (Male) |
| 20:07 | Create | Villager (Male) |
| 20:17 | Build | House |
| 20:18 | Build | House |
| 20:20 | Create | Villager (Male) |
| 20:21 | Create | Villager (Male) |
| 20:43 | Create | Villager (Male) |
| 20:43 | Create | Villager (Male) |
| 20:48 | Build | Farm |
| 20:56 | Create | Villager (Male) |
| 20:57 | Create | Villager (Male) |
| 20:57 | Create | Villager (Male) |
| 21:01 | Build | Farm |
| 21:05 | Create | Villager (Male) |
| 21:06 | Create | Villager (Male) |
| 21:14 | Build | Town Center |
| 21:20 | Create | Villager (Male) |
| 21:27 | Research | Wheelbarrow |
| 21:45 | Create | Villager (Male) |
| 21:46 | Research | Heavy Plow |
| 21:47 | Create | Villager (Male) |
| 21:54 | Build | House |
| 21:54 | Build | House |
| 21:55 | Build | House |
| 21:59 | Create | Villager (Male) |
| 22:01 | Create | Villager (Male) |
| 22:20 | Build | Farm |
| 22:21 | Build | Farm |
| 22:23 | Build | Farm |
| 22:24 | Build | Farm |
| 22:32 | Build | Farm |
| 22:33 | Build | Farm |
| 22:34 | Build | Farm |
| 22:39 | Build | Mill |
| 22:44 | Create | Villager (Male) |
Build order — RenRen
First 150 of 573 actions detected
| 0:01 | Create | Villager (Male) |
| 0:01 | Create | Villager (Male) |
| 0:03 | Build | House |
| 0:04 | Build | House |
| 0:22 | Create | Villager (Male) |
| 0:22 | Create | Villager (Male) |
| 1:44 | Build | Lumber Camp |
| 1:56 | Create | Villager (Male) |
| 1:56 | Create | Villager (Male) |
| 2:10 | Create | Villager (Male) |
| 2:11 | Create | Villager (Male) |
| 2:42 | Create | Villager (Male) |
| 3:12 | Create | Villager (Male) |
| 3:14 | Create | Villager (Male) |
| 3:50 | Build | House |
| 4:07 | Build | Mill |
| 4:11 | Create | Villager (Male) |
| 4:11 | Create | Villager (Male) |
| 4:29 | Create | Villager (Male) |
| 4:50 | Create | Villager (Male) |
| 5:30 | Create | Villager (Male) |
| 5:40 | Create | Villager (Male) |
| 6:51 | Create | Villager (Male) |
| 6:52 | Create | Villager (Male) |
| 7:15 | Create | Villager (Male) |
| 7:22 | Research | Loom |
| 7:25 | Build | House |
| 7:54 | Create | Villager (Male) |
| 7:55 | Create | Villager (Male) |
| 8:27 | Build | Farm |
| 8:28 | Build | Farm |
| 8:35 | Build | Farm |
| 8:43 | Create | Villager (Male) |
| 9:11 | Create | Villager (Male) |
| 9:14 | Build | Mining Camp |
| 9:31 | Create | Villager (Male) |
| 9:59 | Create | Villager (Male) |
| 10:04 | Research | Feudal Age |
| 10:44 | Build | House |
| 11:56 | Create | Villager (Male) |
| 11:57 | Create | Villager (Male) |
| 12:05 | Build | Mining Camp |
| 12:12 | Create | Villager (Male) |
| 12:14 | Age | Feudal Age |
| 12:19 | Build | Market |
| 12:25 | Build | Blacksmith |
| 13:10 | Research | Castle Age |
| 13:10 | Research | Castle Age |
| 13:17 | Research | Double-Bit Axe |
| 13:46 | Create | Villager (Male) |
| 14:36 | Build | Gate |
| 14:44 | Build | House |
| 14:59 | Build | House |
| 15:01 | Build | House |
| 15:43 | Build | House |
| 15:50 | Age | Castle Age |
| 15:51 | Create | Villager (Male) |
| 15:57 | Research | Bow Saw |
| 16:07 | Build | Town Center |
| 16:12 | Research | Horse Collar |
| 16:17 | Build | Farm |
| 16:20 | Create | Villager (Male) |
| 16:51 | Build | Town Center |
| 16:58 | Create | Villager (Male) |
| 17:00 | Build | Farm |
| 17:03 | Build | House |
| 17:27 | Build | Farm |
| 17:36 | Build | Farm |
| 17:51 | Build | House |
| 17:54 | Create | Villager (Male) |
| 17:56 | Create | Villager (Male) |
| 18:10 | Create | Villager (Male) |
| 18:10 | Create | Villager (Male) |
| 18:14 | Build | House |
| 18:28 | Create | Villager (Male) |
| 18:28 | Create | Villager (Male) |
| 18:31 | Build | House |
| 18:35 | Build | Farm |
| 18:39 | Build | Farm |
| 18:51 | Create | Villager (Male) |
| 18:53 | Build | Farm |
| 19:07 | Build | Farm |
| 19:08 | Build | Farm |
| 19:08 | Build | Farm |
| 19:12 | Create | Villager (Male) |
| 19:13 | Create | Villager (Male) |
| 19:16 | Build | House |
| 19:21 | Build | Farm |
| 19:28 | Build | Farm |
| 19:37 | Build | Lumber Camp |
| 19:43 | Create | Villager (Male) |
| 19:46 | Build | Farm |
| 19:52 | Build | Farm |
| 19:56 | Create | Villager (Male) |
| 20:04 | Build | Farm |
| 20:06 | Build | Farm |
| 20:09 | Create | Villager (Male) |
| 20:09 | Create | Villager (Male) |
| 20:12 | Build | House |
| 20:26 | Create | Villager (Male) |
| 20:51 | Build | Castle |
| 21:01 | Create | Villager (Male) |
| 21:08 | Build | Siege Workshop |
| 21:16 | Build | Siege Workshop |
| 21:50 | Create | Villager (Male) |
| 21:50 | Create | Villager (Male) |
| 21:50 | Create | Villager (Male) |
| 21:50 | Create | Villager (Male) |
| 21:57 | Build | Stone Wall |
| 22:10 | Create | Villager (Male) |
| 22:16 | Create | Mangonel |
| 22:24 | Build | Farm |
| 22:26 | Build | Farm |
| 22:37 | Create | Villager (Male) |
| 22:42 | Build | House |
| 22:44 | Create | Villager (Male) |
| 22:44 | Create | Villager (Male) |
| 22:44 | Create | Villager (Male) |
| 22:48 | Build | Farm |
| 22:54 | Build | Farm |
| 22:58 | Build | Farm |
| 23:00 | Create | Villager (Male) |
| 23:00 | Create | Villager (Male) |
| 23:04 | Build | Farm |
| 23:08 | Build | Mill |
| 23:09 | Create | Villager (Male) |
| 23:11 | Create | Villager (Male) |
| 23:12 | Create | Villager (Male) |
| 23:21 | Create | Villager (Male) |
| 23:23 | Build | House |
| 23:24 | Build | House |
| 23:29 | Build | Farm |
| 23:32 | Create | Villager (Male) |
| 23:35 | Build | House |
| 23:36 | Build | House |
| 23:36 | Build | House |
| 23:39 | Create | Villager (Male) |
| 23:45 | Create | Villager (Male) |
| 24:00 | Create | Mangonel |
| 24:03 | Create | Scorpion |
| 24:05 | Build | House |
| 24:15 | Build | Farm |
| 24:17 | Create | Villager (Male) |
| 24:17 | Create | Villager (Male) |
| 24:18 | Create | Villager (Male) |
| 24:21 | Build | Farm |
| 24:24 | Build | Farm |
| 24:26 | Create | Villager (Male) |
| 24:26 | Create | Villager (Male) |
| 24:39 | Build | Barracks |
Match timeline
| 8:49 | 9630791 · first_building Barracks |
| 10:29 | wwwguezzwww · age_up feudal |
| 10:32 | Dashyfone · age_up feudal |
| 10:58 | Conor :3 · age_up feudal |
| 11:02 | 9630791 · age_up feudal |
| 11:11 | 9630791 · first_building Stable |
| 11:41 | Muffin · age_up feudal |
| 11:49 | 西游—理塘丁真 · age_up feudal |
| 11:56 | ATM_おれあぽ · age_up feudal |
| 12:01 | wwwguezzwww · first_market_sell 100 wood |
| 12:14 | RenRen · age_up feudal |
| 12:37 | Muffin · first_market_sell 100 wood |
| 12:38 | Muffin · first_market_buy 100 food |
| 12:50 | wwwguezzwww · first_building Barracks |
| 12:57 | 西游—理塘丁真 · first_market_sell 100 wood |
| 14:34 | Conor :3 · age_up castle |
| 14:36 | Dashyfone · age_up castle |
| 14:38 | Conor :3 · first_building Siege Workshop |
| 14:40 | Dashyfone · first_building Monastery |
| 14:43 | Conor :3 · first_building Monastery |
| 14:49 | wwwguezzwww · age_up castle |
| 15:05 | 9630791 · age_up castle |
| 15:23 | Muffin · first_building Barracks |
| 15:24 | Muffin · age_up castle |
| 15:40 | ATM_おれあぽ · age_up castle |
| 15:44 | 西游—理塘丁真 · age_up castle |
| 15:50 | RenRen · age_up castle |
| 15:57 | ATM_おれあぽ · first_building Siege Workshop |
| 16:44 | Muffin · first_building Castle |
| 17:07 | Conor :3 · first_market_sell 100 wood |
| 17:59 | 西游—理塘丁真 · first_market_buy 100 food |
| 18:27 | wwwguezzwww · first_building Stable |
| 18:52 | 西游—理塘丁真 · first_building Castle |
| 19:10 | ATM_おれあぽ · first_building Castle |
| 19:18 | Dashyfone · first_market_buy 100 food |
| 19:19 | wwwguezzwww · first_market_buy 100 wood |
| 20:05 | wwwguezzwww · first_building Monastery |
| 20:51 | RenRen · first_building Castle |
| 20:56 | Dashyfone · wall_segment Palisade Wall x1 |
| 20:59 | Muffin · first_building Archery Range |
| 21:08 | RenRen · first_building Siege Workshop |
| 21:19 | ATM_おれあぽ · first_building Monastery |
| 21:23 | 西游—理塘丁真 · first_building Barracks |
| 21:37 | ATM_おれあぽ · wall_segment Stone Wall x1 |
| 21:41 | Conor :3 · first_building Barracks |
| 21:57 | RenRen · wall_segment Stone Wall x2 |
| 22:12 | Dashyfone · first_market_sell 100 wood |
| 22:34 | 西游—理塘丁真 · first_building Stable |
| 24:39 | RenRen · first_building Barracks |
| 24:44 | Conor :3 · first_building Archery Range |
| 24:52 | Dashyfone · first_building Castle |
| 24:59 | 9630791 · first_building Monastery |
| 25:18 | Dashyfone · first_building Barracks |
| 26:17 | wwwguezzwww · first_building Castle |
| 26:19 | Dashyfone · first_building Archery Range |
| 26:23 | Dashyfone · first_building Stable |
| 26:27 | 9630791 · first_building Castle |
| 28:24 | 西游—理塘丁真 · age_up imperial |
| 29:22 | wwwguezzwww · wall_segment Stone Wall x6 |
| 29:29 | wwwguezzwww · wall_segment Stone Wall x3 |
| 29:35 | Conor :3 · first_building Stable |
| 29:45 | Dashyfone · age_up imperial |
| 29:49 | ATM_おれあぽ · first_market_sell 100 stone |
| 29:51 | ATM_おれあぽ · first_market_buy 100 food |
| 30:17 | 9630791 · first_building Siege Workshop |
| 30:19 | RenRen · first_market_buy 100 food |
| 30:37 | wwwguezzwww · wall_segment Stone Wall x16 |
| 30:56 | ATM_おれあぽ · wall_segment Stone Wall x8 |
| 31:36 | wwwguezzwww · age_up imperial |
| 31:47 | 9630791 · age_up imperial |
| 32:04 | RenRen · age_up imperial |
| 33:14 | Muffin · age_up imperial |
| 33:29 | ATM_おれあぽ · age_up imperial |
| 34:05 | Muffin · first_building Stable |
| 34:40 | RenRen · first_building Stable |
| 35:32 | 9630791 · first_market_sell 100 wood |
| 35:46 | Conor :3 · age_up imperial |
| 36:06 | ATM_おれあぽ · wall_segment Stone Wall x8 |
| 38:49 | Conor :3 · first_building Castle |
| 39:46 | RenRen · first_building Archery Range |
| 39:56 | ATM_おれあぽ · first_building Barracks |
| 39:59 | Conor :3 · first_market_buy 100 food |
| 41:39 | ATM_おれあぽ · wall_segment Stone Wall x3 |
| 44:35 | ATM_おれあぽ · wall_segment Stone Wall x8 |
| 46:59 | Dashyfone · tribute_sent a jugador 1 |
| 46:59 | Dashyfone · tribute_sent a jugador 2 |
| 46:59 | Dashyfone · tribute_sent a jugador 3 |
| 46:59 | Dashyfone · tribute_sent a jugador 4 |
| 46:59 | Dashyfone · tribute_sent a jugador 5 |
| 46:59 | Dashyfone · tribute_sent a jugador 7 |
| 46:59 | Dashyfone · tribute_sent a jugador 8 |
| 53:52 | wwwguezzwww · wall_segment Stone Wall x1 |
| 54:46 | wwwguezzwww · wall_segment Stone Wall x7 |
| 54:53 | wwwguezzwww · wall_segment Stone Wall x1 |
| 55:23 | wwwguezzwww · wall_segment Stone Wall x1 |
| 55:27 | wwwguezzwww · wall_segment Stone Wall x3 |
| 55:41 | wwwguezzwww · wall_segment Stone Wall x2 |
| 64:58 | Dashyfone · resign |
[ AI ANALYSIS · 1 CREDIT ]
What really happened in this match?
Wolo.gg analyzes every decision: build order, eco, micro, common mistakes by bracket. Personalized analysis on WhatsApp or Discord in 30 seconds.
Civ guide
Mongols
Perfil
Jugador #6532575